 Dungeon Crawl Stone Soup version 0.20-a0-673-g53087c7 (webtiles) character file.

81 M4edhros the Sneak (level 4, 0/42 HPs)
             Began as an Octopode Artificer on Feb 18, 2017.
             Succumbed to Eustachio's poison
             ... on level 4 of the Dungeon.
             The game lasted 00:01:57 (1792 turns).

M4edhros the Sneak (Octopode Artificer)             Turns: 1792, Time: 00:01:58

Health: 0/42       AC: 22    Str: 11    XL:     4   Next: 40%
Magic:  6/6        EV:  2    Int: 13    God:
Gold:   201        SH:  0    Dex: 13    Spells: 3/3 levels left

rFire    . . .     SeeInvis .   k - -1 spear (curse)
rCold    . . .     Gourm    .   (no shield)
rNeg     + + +     Faith    .   (helmet currently unavailable)
rPois    +         Spirit   .   (no amulet)
rElec    .         Reflect  .   (no ring)
rCorr    .         Harm     .   (no ring)
MR       .....     NoTele   +   (no ring)
Stlth    +++.......             (no ring)
Regen    0.2/turn               (no ring)
MPRegen  0.1/turn               (no ring)
                                (no ring)
                                (no ring)

@: lethally poisoned (0 -> -10), tree-form, very slightly contaminated, hasted,
invisible, very quick
A: almost no armour, stealthy swim, (amphibious), 8 rings, (constrict 8),
(camouflage 0), (gelatinous body 0)
a: no special abilities


You were on level 4 of the Dungeon.
You were hungry.
You were a tree.
You visited 1 branch of the dungeon, and saw 4 of its levels.

You collected 201 gold pieces.

Inventory:

Hand Weapons
 a - a +0 short sword
 k - a cursed -1 spear (weapon)
 m - a +1 hunting sling
Armour
 j - a +0 buckler
Wands
 b - a wand of flame (38/48)
 c - a wand of enslavement (13/24)
 d - a wand of random effects (14/48)
 o - a wand of disintegration (11/24)
Scrolls
 g - 2 scrolls of immolation
 i - 2 scrolls of identify
 n - a scroll of fear {unknown}
 p - a scroll of blinking
Comestibles
 f - a bread ration


   Skills:
 - Level 1.0 Fighting
 - Level 1.0 Short Blades
 - Level 2.0 Dodging
 + Level 5.9 Stealth
 - Level 3.2 Evocations


You had 3 spell levels left.
You didn't know any spells.

Dungeon Overview and Level Annotations

Branches:
Dungeon (4/15)
 Temple: D:4-7

Altars:
Nemelex Xobeh

Annotations:
D:4 Eustachio


Innate Abilities, Weirdness & Mutations

You cannot wear most types of armour.
You are very stealthy in the water. (Stealth+)
((You are amphibious.))
You can wear up to eight rings at the same time.
((You can use your tentacles to constrict eight enemies at once.))
((Your skin changes colour to match your surroundings (Stealth+).))
((Your rubbery body absorbs attacks. (AC +1, EV +1)))


Message History

It was a potion of lignification.
You turn into a tree.
Your roots penetrate the ground.
You lose your grip on Eustachio.
* * * LOW HITPOINT WARNING * * *
You feel sick.
You closely miss Eustachio.
Eustachio is moderately wounded.
* * * LOW HITPOINT WARNING * * *
You feel sick. Eustachio hits you but does no damage.
The shadow imp hits you but does no damage.
The iron imp hits you but does no damage.
Evoke which item? (* to show all) (? for menu, Esc to quit)
Aiming: Enslavement
Press: ? - help, Shift-Dir - straight line, p - Eustachio Eustachio is charmed.
This wand has 13 charges left.
The crimson imp hits you but does no damage.
The shadow imp hits you but does no damage.
You aren't carrying any potions.
You hit the crimson imp.
The crimson imp is lightly wounded.
You die...

#
####+#.#
#...5.##
#.5♣@..#
#..5...#
#...^.##
#######


You could see an iron imp, a crimson imp, a shadow imp and the friendly
Eustachio.

Vanquished Creatures
  Natasha (D:2)
  A gnoll (D:1)
  3 worms (D:2)
  A dart slug (D:1)
  A leopard gecko (D:1)
  An orc (D:3)
  3 bats
  2 giant cockroaches
  3 goblins
  4 hobgoblins
  A quokka (D:3)
  6 kobolds
  8 rats
35 creatures vanquished.

Vanquished Creatures (collateral kills)
  A kobold (D:1)
1 creature vanquished.

Grand Total: 36 creatures vanquished

Notes
Turn   | Place    | Note
-------+----------+-------------------------------------------
     0 | D:1      | M4edhros the Octopode Artificer began the quest for the Orb.
     0 | D:1      | Reached XP level 1. HP: 13/13 MP: 3/3
   184 | D:1      | Reached skill level 2 in Stealth
   503 | D:1      | Reached skill level 3 in Stealth
   503 | D:1      | Reached XP level 2. HP: 18/18 MP: 4/4
   683 | D:1      | Reached skill level 4 in Stealth
   688 | D:1      | Reached XP level 3. HP: 15/23 MP: 5/5
  1090 | D:2      | Noticed Natasha
  1101 | D:2      | Killed Natasha
  1101 | D:2      | Reached skill level 5 in Stealth
  1101 | D:2      | Reached XP level 4. HP: 21/28 MP: 6/6
  1196 | D:2      | Found a sparkling altar of Nemelex Xobeh.
  1780 | D:4      | Noticed Eustachio
  1789 | D:4      | HP: 2/42 [poisoned by Eustachio]
  1792 | D:4      | Succumbed to Eustachio's poison

Vault maps used:
D:1:      eino_arrival_cavern_c
D:2:      gammafunk_temple_overflow_wave, nicolae_overflow_crystal_walls,
          roderic_filled_cross, uniq_natasha
D:3:      uniq_crazy_yiuf_cottage
D:4:      grunt_temple_overflow_cloverleaf, cheibrodos_ashenzari_chains,
          temple_fountains, guppyfry_shop_venom, uniq_eustachio

Skill      XL: |  1  2  3 |
---------------+----------+-----
Stealth        | 3 4 5 |  5.9
Fighting       | |  1.0
Short Blades   | |  1.0
Dodging        | |  2.0
Evocations     | |  3.2

Action                   |  1- 3 |  4- 6 || total
-------------------------+-------+-------++-------
Melee: Short sword       |    11 |       ||    11
       Constrict         |    13 |    11 ||    24
       Tentacles         |    12 |     5 ||    17
       Spear             |    47 |    46 ||    93
Evoke: Wand              |     3 |     1 ||     4
  Use: Scroll            |     4 |     3 ||     7
       Potion            |       |     3 ||     3
 Stab: Sleeping          |     6 |     4 ||    10
       Distracted        |       |     1 ||     1
  Eat: Chunk             |       |     2 ||     2
Armor: Skin              |     6 |     8 ||    14
Dodge: Dodged            |    30 |    25 ||    55
